SAL
LAKEWOOD BLUECLAWS @ DELMARVA SHOREBIRDS
08/06/2099
 
TOP OF THE 1ST
Lakewood BlueClaws batting - Pitching for Delmarva Shorebirds : RHP Luis Jimenez
Pitching: RHP Luis Jimenez
Batting: LHB Joe Noga 0-0: Ball
1-0: Ball
2-0: Called Strike
2-1: Foul Ball, location: 23FF
2-2: Ball
3-2: Base on Balls
Batting: RHB Danny Rodriguez 0-0: Ball
1-0: Ball
2-0: Ball
3-0: Called Strike
3-1: Base on Balls
Joe Noga to second
Batting: LHB Steve Lennon 0-0: Ball
1-0: Foul Ball, location: 3F
1-1: Foul Ball, location: 2F
1-2: Ball
2-2: Foul Ball, location: 2F
2-2: Foul Ball, location: 2F
2-2: Strikes out looking
Batting: RHB Zach Miles 0-0: Ball
1-0: Foul Ball, location: 2F
1-1: SINGLE (Line Drive, 7S, EV 88.1 MPH)
Joe Noga to third
Danny Rodriguez to second
Batting: LHB Chris Liesse 0-0: Ground out 4-3 (Groundball, 34D, EV 96.3 MPH)
Joe Noga scores
Danny Rodriguez to third
Zach Miles to second
Batting: RHB Brian Baumbach 0-0: Ball
1-0: Ball
2-0: Fly out, F9 (Line Drive, 9, EV 92.5 MPH)
Top of the 1st over - 1 run, 1 hit, 0 errors, 2 left on base; Lakewood 1 - Delmarva 0
BOTTOM OF THE 1ST
Delmarva Shorebirds batting - Pitching for Lakewood BlueClaws : LHP Jose Gallegos
Pitching: LHP Jose Gallegos
Batting: RHB Jason Farley 0-0: Called Strike
0-1: Called Strike
0-2: Fly out, F8 (Flyball, 8LM, EV 82.5 MPH)
Batting: RHB Danny Santiago 0-0: Ball
1-0: Fly out, F8 (Flyball, 8LD, EV 90.0 MPH)
Batting: RHB Josh Apple 0-0: Ball
1-0: Called Strike
1-1: Fly out, F7 (Line Drive, 7S, EV 91.9 MPH)
Bottom of the 1st over - 0 runs, 0 hits, 0 errors, 0 left on base; Lakewood 1 - Delmarva 0
TOP OF THE 2ND
Lakewood BlueClaws batting - Pitching for Delmarva Shorebirds : RHP Luis Jimenez
Batting: LHB Juan Rivera 0-0: Ground out U3 (Groundball, 3L, EV 103.8 MPH)
Batting: RHB Jim Unknown 0-0: Ball
1-0: Ball
2-0: SINGLE (Groundball, 6MD, EV 106.3 MPH)
Batting: SHB Frits Loos 0-0: SINGLE (Line Drive, 56D, EV 99.4 MPH)
Jim Unknown to second
Batting: LHB Joe Noga 0-0: Ball
1-0: SINGLE (Groundball, 6MD, EV 106.3 MPH)
Jim Unknown to third
Frits Loos to second
Runner from 3rd tries for Home, SAFE, throw by CF to home
Batting: RHB Danny Rodriguez 0-0: Called Strike
0-1: Ball
1-1: Swinging Strike
1-2: Strikes out swinging
Batting: LHB Steve Lennon 0-0: Foul Ball, location: 2F
0-1: Ball
1-1: Ground out 4-3 (Groundball, 4S, EV 92.5 MPH)
Top of the 2nd over - 1 run, 3 hits, 0 errors, 2 left on base; Lakewood 2 - Delmarva 0
BOTTOM OF THE 2ND
Delmarva Shorebirds batting - Pitching for Lakewood BlueClaws : LHP Jose Gallegos
Batting: RHB Chris Brewster 0-0: Called Strike
0-1: Ball
1-1: Ball
2-1: Foul Ball, location: 9LDF
2-2: Ground out 5-3 (Groundball, 56, EV 84.4 MPH)
Batting: RHB Brad Bronson 0-0: Called Strike
0-1: Ground out 6-3 (Groundball, 6, EV 80.0 MPH)
Batting: RHB Chris Capellari 0-0: Fly out, F8 (Line Drive, 8RM, EV 101.9 MPH)
Bottom of the 2nd over - 0 runs, 0 hits, 0 errors, 0 left on base; Lakewood 2 - Delmarva 0
TOP OF THE 3RD
Lakewood BlueClaws batting - Pitching for Delmarva Shorebirds : RHP Luis Jimenez
Batting: RHB Zach Miles 0-0: Swinging Strike
0-1: Swinging Strike
0-2: Ball
1-2: Ball
2-2: Foul Ball, location: 23F
2-2: Ball
3-2: Fly out, F9 (Flyball, 8RS, EV 76.3 MPH)
Batting: LHB Chris Liesse 0-0: Called Strike
0-1: Foul Ball, location: 7LSF
0-2: Ball
1-2: Foul Ball, location: 7LSF
1-2: Ball
2-2: Foul Ball, location: 7LSF
2-2: SINGLE (Line Drive, 89S, EV 89.4 MPH)
Batting: RHB Brian Baumbach 0-0: Foul Ball, location: 2F
0-1: Swinging Strike
0-2: Ball
1-2: Ball
2-2: SINGLE (Line Drive, 56D, EV 98.1 MPH)
Chris Liesse to second
Batting: LHB Juan Rivera 0-0: Ball
1-0: Fielders Choice at 2nd, 6-4 (Groundball, 6, EV 98.8 MPH)
Chris Liesse to third
Batting: RHB Jim Unknown 0-0: Ball
1-0: Ball
2-0: Called Strike
2-1: Swinging Strike
2-2: Ball
3-2: Foul Ball, location: 9LSF
3-2: Base on Balls
Juan Rivera to second
Batting: SHB Frits Loos 0-0: Called Strike
0-1: Called Strike
0-2: Foul Ball, location: 25F
0-2: Ball
1-2: Ball
2-2: Foul Ball, location: 3FF
2-2: Strikes out swinging
Top of the 3rd over - 0 runs, 2 hits, 0 errors, 3 left on base; Lakewood 2 - Delmarva 0
BOTTOM OF THE 3RD
Delmarva Shorebirds batting - Pitching for Lakewood BlueClaws : LHP Jose Gallegos
Batting: RHB Jerry Williams 0-0: Swinging Strike
0-1: Foul Ball, location: 9LMF
0-2: Foul Ball, location: 7LDF
0-2: Ball
1-2: Strikes out swinging
Batting: RHB Philip Strasser 0-0: Foul Ball, location: 9LSF
0-1: Ball
1-1: Ball
2-1: Ball
3-1: Called Strike
3-2: Base on Balls
Batting: RHB Malik Worley 0-0: Ball
1-0: Foul Ball, location: 9LSF
1-1: Grounds into double play, 5-4-3 (Groundball, 5, EV 83.8 MPH)
Bottom of the 3rd over - 0 runs, 0 hits, 0 errors, 0 left on base; Lakewood 2 - Delmarva 0
TOP OF THE 4TH
Lakewood BlueClaws batting - Pitching for Delmarva Shorebirds : RHP Luis Jimenez
Batting: LHB Joe Noga 0-0: Ball
1-0: SINGLE (Line Drive, 4MD, EV 98.1 MPH)
Batting: RHB Danny Rodriguez 0-0: Ball
1-0: Ball
2-0: Called Strike
2-1: Ball
3-1: Swinging Strike
3-2: Fly out, F8 (Flyball, 8LXD, EV 96.3 MPH)
Batting: LHB Steve Lennon 0-0: Called Strike
0-1: Swinging Strike
0-2: Strikes out swinging
Batting: RHB Zach Miles 0-0: Called Strike
0-1: Ball
1-1: Foul Ball, location: 3SF
1-2: Ball
2-2: Ground out 4-3 (Groundball, 4, EV 92.5 MPH)
Top of the 4th over - 0 runs, 1 hit, 0 errors, 1 left on base; Lakewood 2 - Delmarva 0
BOTTOM OF THE 4TH
Delmarva Shorebirds batting - Pitching for Lakewood BlueClaws : LHP Jose Gallegos
Batting: RHB Jason Farley 0-0: Fly out, F8 (Flyball, 8LS, EV 78.1 MPH)
Batting: RHB Danny Santiago 0-0: Ball
1-0: Ball
2-0: Ball
3-0: Called Strike
3-1: Foul Ball, location: 23F
3-2: Fly out, F5 (Line Drive, 56, EV 67.5 MPH)
Batting: RHB Josh Apple 0-0: Called Strike
0-1: Ball
1-1: Ball
2-1: SINGLE (Flyball, 6D, EV 90.0 MPH)
Batting: RHB Chris Brewster 0-0: Called Strike
0-1: Foul Ball, location: 9LMF
0-2: Foul Ball, location: 9LMF
0-2: Ground out 4-3 (Groundball, 34, EV 101.3 MPH)
Bottom of the 4th over - 0 runs, 1 hit, 0 errors, 1 left on base; Lakewood 2 - Delmarva 0
TOP OF THE 5TH
Lakewood BlueClaws batting - Pitching for Delmarva Shorebirds : RHP Luis Jimenez
Batting: LHB Chris Liesse 0-0: Called Strike
0-1: Called Strike
0-2: Fly out, F7 (Flyball, 7S, EV 80.6 MPH)
Batting: RHB Brian Baumbach 0-0: Called Strike
0-1: Ball
1-1: Swinging Strike
1-2: Ball
2-2: Strikes out swinging
Batting: LHB Juan Rivera 0-0: Called Strike
0-1: Swinging Strike
0-2: Fly out, F7 (Flyball, 7LD, EV 95.0 MPH)
Top of the 5th over - 0 runs, 0 hits, 0 errors, 0 left on base; Lakewood 2 - Delmarva 0
BOTTOM OF THE 5TH
Delmarva Shorebirds batting - Pitching for Lakewood BlueClaws : LHP Jose Gallegos
Batting: RHB Brad Bronson 0-0: Ball
1-0: SINGLE (Flyball, 34D, EV 93.8 MPH)
Batting: RHB Chris Capellari 0-0: Called Strike
0-1: Reached on error, E3 (Groundball, 3, EV 101.9 MPH)
Brad Bronson to second
Batting: RHB Jerry Williams 0-0: Called Strike
0-1: SINGLE (Groundball, 6, EV 81.9 MPH)
Brad Bronson to third
Chris Capellari to second
Runner from 3rd tries for Home, SAFE, throw by CF to home
Batting: RHB Philip Strasser 0-0: Fly out, F7 (Flyball, 7S, EV 86.9 MPH)
Batting: RHB Malik Worley 0-0: Ball
1-0: Called Strike
1-1: Foul Ball, location: 7LDF
1-2: Foul Ball, location: 9LSF
1-2: Strikes out swinging
Batting: RHB Jason Farley 0-0: Called Strike
0-1: Ground out 4-3 (Groundball, 4, EV 84.4 MPH)
Bottom of the 5th over - 1 run, 2 hits, 1 error, 2 left on base; Lakewood 2 - Delmarva 1
TOP OF THE 6TH
Lakewood BlueClaws batting - Pitching for Delmarva Shorebirds : RHP Luis Jimenez
Pitching: RHP Julio Gonzales
Batting: RHB Jim Unknown 0-0: Called Strike
0-1: Foul Ball, location: 25F
0-2: Ball
1-2: Ball
2-2: Ball
3-2: Strikes out looking
Batting: SHB Frits Loos 0-0: Fly out, F7 (Flyball, 7S, EV 86.3 MPH)
Batting: LHB Joe Noga 0-0: SINGLE (Line Drive, 9S, EV 85.6 MPH)
Batting: RHB Danny Rodriguez 0-0: Ball
1-0: Swinging Strike
1-1: Called Strike
1-2: Ball
2-2: Strikes out looking
Top of the 6th over - 0 runs, 1 hit, 0 errors, 1 left on base; Lakewood 2 - Delmarva 1
BOTTOM OF THE 6TH
Delmarva Shorebirds batting - Pitching for Lakewood BlueClaws : LHP Jose Gallegos
Batting: RHB Danny Santiago 0-0: Called Strike
0-1: Ground out 4-3 (Groundball, 4MD, EV 95.6 MPH)
Batting: RHB Josh Apple 0-0: Ground out 5-3 (Groundball, 56, EV 83.8 MPH)
Batting: RHB Chris Brewster 0-0: Ball
1-0: Foul Ball, location: 9LMF
1-1: Swinging Strike
1-2: Ball
2-2: Foul Ball, location: 9LDF
2-2: Fly out, F8 (Flyball, 89XD, EV 86.3 MPH)
Bottom of the 6th over - 0 runs, 0 hits, 0 errors, 0 left on base; Lakewood 2 - Delmarva 1
TOP OF THE 7TH
Lakewood BlueClaws batting - Pitching for Delmarva Shorebirds : RHP Julio Gonzales
Batting: LHB Steve Lennon 0-0: Ball
1-0: Called Strike
1-1: Fly out, F7 (Flyball, 7, EV 74.4 MPH)
Batting: RHB Zach Miles 0-0: Called Strike
0-1: Swinging Strike
0-2: Strikes out swinging
Batting: LHB Chris Liesse 0-0: Ball
1-0: SOLO HOME RUN (Flyball, 8RXD, EV 108.8 MPH), Distance : 441 ft
Batting: RHB Brian Baumbach 0-0: Foul Ball, location: 2F
0-1: Ball
1-1: Foul Ball, location: 2F
1-2: Ball
2-2: Ball
3-2: Strikes out looking
Top of the 7th over - 1 run, 1 hit, 0 errors, 0 left on base; Lakewood 3 - Delmarva 1
BOTTOM OF THE 7TH
Delmarva Shorebirds batting - Pitching for Lakewood BlueClaws : LHP Jose Gallegos
Batting: RHB Brad Bronson 0-0: Ball
1-0: SINGLE (Flyball, 3D, EV 96.3 MPH)
Batting: RHB Chris Capellari 0-0: Called Strike
0-1: Called Strike
0-2: Grounds into double play, 5-4-3 (Groundball, 56, EV 84.4 MPH)
Batting: RHB Jerry Williams 0-0: Ball
1-0: Ball
2-0: Foul Ball, location: 9LSF
2-1: Called Strike
2-2: Foul Ball, location: 5DF
2-2: Ball
3-2: SINGLE (Line Drive, 7LS, EV 85.6 MPH)
Batting: RHB Philip Strasser 0-0: Ball
1-0: Swinging Strike
1-1: Ball
2-1: Called Strike
2-2: Foul Ball, location: 9LDF
2-2: Strikes out looking
Bottom of the 7th over - 0 runs, 2 hits, 0 errors, 1 left on base; Lakewood 3 - Delmarva 1
TOP OF THE 8TH
Lakewood BlueClaws batting - Pitching for Delmarva Shorebirds : RHP Julio Gonzales
Batting: LHB Juan Rivera 0-0: Ball
1-0: Called Strike
1-1: Ball
2-1: Foul Ball, location: 3FF
2-2: Fly out, F8 (Flyball, 78M, EV 92.5 MPH)
Batting: RHB Jim Unknown 0-0: Ball
1-0: Ball
2-0: Ball
3-0: Base on Balls
Batting: SHB Frits Loos 0-0: Swinging Strike
0-1: Fielders Choice at 2nd, 5-4 (Groundball, 5, EV 91.3 MPH)
Batting: LHB Joe Noga 0-0: Ball
1-0: Ball
2-0: Swinging Strike
2-1: Called Strike
2-2: Foul Ball, location: 2RF
2-2: Ball
3-2: Foul Ball, location: 2F
3-2: SINGLE (Line Drive, 34D, EV 95.0 MPH)
Frits Loos to second
Frits Loos to third
Batting: RHB Danny Rodriguez 0-0: Swinging Strike
0-1: Swinging Strike
0-2: Strikes out swinging
Top of the 8th over - 0 runs, 1 hit, 0 errors, 2 left on base; Lakewood 3 - Delmarva 1
BOTTOM OF THE 8TH
Delmarva Shorebirds batting - Pitching for Lakewood BlueClaws : LHP Jose Gallegos
Batting: RHB Malik Worley 0-0: Ground out 4-3 (Groundball, 4S, EV 65.0 MPH)
Batting: RHB Jason Farley 0-0: Ball
1-0: Called Strike
1-1: Ball
2-1: Called Strike
2-2: Foul Ball, location: 2F
2-2: Foul Ball, location: 2F
2-2: Ball
3-2: Fly out, F7 (Flyball, 7LS, EV 91.9 MPH)
Batting: RHB Danny Santiago 0-0: Ball
1-0: Ball
2-0: Fly out, F9 (Flyball, 9, EV 92.5 MPH)
Bottom of the 8th over - 0 runs, 0 hits, 0 errors, 0 left on base; Lakewood 3 - Delmarva 1
TOP OF THE 9TH
Lakewood BlueClaws batting - Pitching for Delmarva Shorebirds : RHP Julio Gonzales
Batting: LHB Steve Lennon 0-0: Called Strike
0-1: Ball
1-1: Ball
2-1: Ground out 6-3 (Groundball, 6, EV 86.3 MPH)
Batting: RHB Zach Miles 0-0: Called Strike
0-1: Ball
1-1: Swinging Strike
1-2: Foul Ball, location: 7LSF
1-2: Strikes out swinging
Batting: LHB Chris Liesse 0-0: Ball
1-0: Ball
2-0: Foul Ball, location: 5FF
2-1: Ball
3-1: Base on Balls
Pitching: LHP John Cronin
Batting: RHB Brian Baumbach 0-0: Fly out, F8 (Flyball, 89S, EV 80.0 MPH)
Top of the 9th over - 0 runs, 0 hits, 0 errors, 1 left on base; Lakewood 3 - Delmarva 1
BOTTOM OF THE 9TH
Delmarva Shorebirds batting - Pitching for Lakewood BlueClaws : LHP Jose Gallegos
Batting: RHB Josh Apple 0-0: Called Strike
0-1: Called Strike
0-2: Ball
1-2: Ball
2-2: Fly out, F8 (Flyball, 8LD, EV 98.1 MPH)
Batting: RHB Chris Brewster 0-0: Called Strike
0-1: Ball
1-1: Ball
2-1: Foul Ball, location: 9LMF
2-2: Ball
3-2: Strikes out looking
Batting: RHB Brad Bronson 0-0: Called Strike
0-1: Ball
1-1: Ball
2-1: Fly out, F8 (Flyball, 8RM, EV 95.6 MPH)
Bottom of the 9th over - 0 runs, 0 hits, 0 errors, 0 left on base; Lakewood 3 - Delmarva 1
Monday, May 13th , 2024 - OOTP Baseball 24.11 Build 85